 Dungeon Crawl Stone Soup version 0.27.1 (webtiles) character file.

Game seed: 7568465946858869942

973 comborobin the Grappler (level 7, -1/79 HPs)
             Began as a Palentonga Warper on Aug 24, 2021.
             Slain by a gnoll (4 damage)
             ... on level 5 of the Dungeon.
             The game lasted 00:05:17 (5929 turns).

comborobin the Grappler (Palentonga Warper)         Turns: 5929, Time: 00:05:18

Health: -1/79      AC: 14    Str: 14    XL:     7   Next: 94%
Magic:  10/10      EV:  9    Int: 14    God:
Gold:   240        SH:  0    Dex: 11    Spells: 8/10 levels left

rFire    . . .     SeeInvis +     - Unarmed
rCold    . . .     Faith    .   (no shield)
rNeg     + . .     Spirit   .   t - +2 leather armour {rN+}
rPois    .         Reflect  .   (no helmet)
rElec    .         Harm     .   (no cloak)
rCorr    .         Rampage  .   v - +0 pair of gloves
Will     .....                  (no barding)
Stlth    ..........             A - amulet of the acrobat
HPRegen  0.23/turn              (no ring)
MPRegen  0.12/turn              (no ring)

@: mighty, berserking, lethally poisoned (-1 -> -3), attractive, curled up, very
quick
A: large, rugged brown scales 3, see invisible, deformed body, roll 1, armoured
tail, reflexive curl
a: Rolling Charge


You were on level 5 of the Dungeon.
You visited 1 branch of the dungeon, and saw 5 of its levels.

You collected 240 gold pieces.

Inventory:

Hand Weapons
 y - a +2 dagger of venom
Missiles
 c - 5 boomerangs of dispersal (quivered)
 s - 3 boomerangs
Armour
 a - a +0 leather armour
 t - a +2 leather armour of positive energy (worn)
 v - a +0 pair of gloves (worn)
Jewellery
 A - an amulet of the acrobat (around neck)
Wands
 o - a wand of flame (30)
 q - a wand of digging (4)
 z - a wand of paralysis (7)
 B - a wand of mindburst (11)
Scrolls
 b - a scroll of blinking
 d - 2 scrolls of magic mapping {unknown}
 e - 2 scrolls of noise {unknown}
 g - a scroll of fear {unknown}
 i - 5 scrolls of teleportation {unknown}
 j - a scroll of amnesia {unknown}
 k - 2 scrolls of enchant weapon {unknown}
 m - a scroll of holy word {unknown}
 n - 2 scrolls of identify {unknown}
Potions
 f - a potion of resistance {unknown}
 h - a potion of flight
 l - a potion of cancellation
 w - a potion of lignification {unknown}
 x - a potion of curing {unknown}


   Skills:
 - Level 2.0 Fighting
 - Level 0.6 Throwing
 - Level 0.7 Armour
 - Level 1.5 Dodging
 + Level 9.4 Unarmed Combat
 - Level 2.0 Spellcasting
 - Level 3.0 Translocations


You had 8 spell levels left.
You knew the following spells:

 Your Spells              Type           Power      Damage    Failure   Level
b - Blink                 Tloc           N/A        N/A       13%         2

Your spell library contained the following spells:

 Spells                   Type           Power      Damage    Failure   Level
 Gell's Gravitas          Tloc           4%         N/A       26%         3
 Lesser Beckoning         Tloc           4%         N/A       26%         3
 Teleport Other           Tloc           9%         N/A       26%         3
 Corona                   Hex            1%         N/A       30%         1
 Ensorcelled Hibernation  Hex/Ice        2%         N/A       41%         2
 Tukima's Dance           Hex            1%         N/A       65%         3
 Manifold Assault         Tloc           9%         N/A       94%         5


Dungeon Overview and Level Annotations

Branches:
Dungeon (5/15)
 Temple: D:4-7

Altars:
Hepliaklqana
Ru
Sif Muna
Wu Jian
Yredelemnul

Shops:
D:5 (?

Annotations:
D:5 exclusion: 3 doors


Innate Abilities, Weirdness & Mutations

You are completely covered in rugged brown scales. (AC +3, +7% HP)
You have supernaturally acute eyesight. (SInv)
Armour fits poorly on your strangely shaped body.
You can roll at nearby foes to attack.
You have a long armoured tail.
You curl defensively after being hit.


Message History

You feel sick. The scorpion closely misses you.
You hit the scorpion but do no damage.
The scorpion is almost dead.
You feel sick. The scorpion stings you.
You are more poisoned.
The scorpion poisons you!
You hit the scorpion.
You kill the scorpion!
You feel very sick.
It was a potion of flight.
You feel very buoyant.
You fly up into the air.
You feel sick.
The gnoll hits you with a +1 flail of protection!
* * * LOW HITPOINT WARNING * * *
It was a potion of cancellation.
Your magical effects are unravelling.
You feel magically purged.
You float gracefully downwards.
You feel sick.
It was a potion of might.
You feel very mighty all of a sudden.
You feel sick. The gnoll misses you.
It was a potion of attraction.
You feel attractive to monsters.
You feel sick. The gnoll hits you with a +0 whip.
* * * LOW HITPOINT WARNING * * *
The gnoll closely misses you.
It was a potion of berserk rage.
A red film seems to cover your vision as you go berserk!
You feel yourself moving faster!
You feel mighty!
You feel sick.
The gnoll hits you but does no damage. x2
You punch the gnoll!
You kill the gnoll!
The gnoll is pulled toward you!
You closely miss the gnoll.
You feel sick. The gnoll hits you but does no damage.
The gnoll hits you with a +0 flail of protection.
* * * LOW HITPOINT WARNING * * *
You hit the gnoll.
The gnoll is moderately wounded.
The gnoll hits you with a +1 flail of protection.
You die...

.?............ #.#........###
##............ ##..#.#..#...# # .
.........##...#..###...## #
...##..........####....# .... .#
#..............#..# ##..
###..........###### # #.#
###g....#........# ##..
#...#.#g###......# >#...
###..####@g###.....#
.....###.....##...##...#.###
#.....##.....###..#..##....#
#......g....# #...........###
#...g........# ##.#..........####
....#........####.##.............
..####..........#............##..
. ..........##.##.#.......##..
..#.........######....##...∩.


You could see 2 gnolls.

Vanquished Creatures
  Eustachio (D:5)
  An ice beast (D:5)
  A phantom (D:4)
  A bullfrog (D:4)
  3 scorpions (D:5)
  A water moccasin skeleton (D:4)
  A howler monkey (D:5)
  A centaur zombie (D:4)
  A hound (D:4)
  A jelly (D:5)
  Jessica (D:3)
  Terence (D:3)
  An orc wizard (D:3)
  A hound zombie (D:5)
  A hound skeleton (D:4)
  3 adders
  2 gnolls
  An ufetubus (D:4)
  An adder skeleton (D:5)
  2 worms
  3 dart slugs
  7 orcs (D:3)
  3 bat skeletons (D:5)
  A bat zombie (D:5)
  5 endoplasms
  A giant cockroach (D:2)
  7 goblins
  16 hobgoblins
  4 jackals (D:4)
  A quokka (D:4)
  2 ball pythons
  5 bats
  5 frilled lizards
  7 kobolds
  4 rats
97 creatures vanquished.

Notes
Turn   | Place    | Note
-------+----------+-------------------------------------------
     0 | D:1      | comborobin the Palentonga Warper began the quest for the
                  | Orb.
     0 | D:1      | Reached XP level 1. HP: 17/17 MP: 3/3
   597 | D:1      | Reached XP level 2. HP: 22/23 MP: 5/5
   821 | D:1      | Reached skill level 3 in Unarmed Combat
  1610 | D:2      | Reached XP level 3. HP: 16/28 MP: 6/6
  2421 | D:3      | Reached skill level 4 in Unarmed Combat
  2425 | D:3      | Learned a level 2 spell: Blink
  2539 | D:3      | Found a hazy altar of Hepliaklqana.
  2843 | D:3      | Reached XP level 4. HP: 21/35 MP: 7/7
  2979 | D:3      | Found a sacrificial altar of Ru.
  2986 | D:3      | Found an ornate altar of the Wu Jian Council.
  3028 | D:3      | Noticed Terence
  3035 | D:3      | Killed Terence
  3035 | D:3      | Noticed Jessica
  3036 | D:3      | Reached skill level 5 in Unarmed Combat
  3047 | D:3      | Killed Jessica
  3048 | D:3      | Reached XP level 5. HP: 20/40 MP: 8/8
  3916 | D:3      | Found a basalt altar of Yredelemnul.
  4135 | D:4      | Reached skill level 6 in Unarmed Combat
  4333 | D:4      | Reached XP level 6. HP: 34/47 MP: 9/9
  4536 | D:4      | Reached skill level 7 in Unarmed Combat
  5097 | D:4      | Found a shimmering blue altar of Sif Muna.
  5123 | D:5      | Entered Level 5 of the Dungeon
  5249 | D:5      | Noticed an ice beast
  5391 | D:5      | Found Oruaf's Weapon Shoppe.
  5464 | D:5      | Killed an ice beast
  5465 | D:5      | Reached skill level 8 in Unarmed Combat
  5465 | D:5      | Gained mutation: You curl defensively after being hit.
                  | [Palentonga growth]
  5465 | D:5      | Reached XP level 7. HP: 53/53 MP: 10/10
  5502 | D:5      | Found Litupiur's Magic Scroll Boutique.
  5830 | D:5      | Noticed Eustachio
  5860 | D:5      | Killed Eustachio
  5861 | D:5      | Reached skill level 9 in Unarmed Combat
  5928 | D:5      | HP: 3/79 [gnoll (4)]
  5929 | D:5      | Slain by a gnoll

Illustrated notes

Levels and vault maps discovered:
D:1:      mrwooster_arrival_statue_3, layout_loops_corners
D:2:      layout_loops_cross
D:3:      cheibrodos_greedy_goblins, layout_rooms, yredelemnul_altar_generic,
          nzn_hepliaklqana_mist_gate, minitemple, hex_large,
          lightli_corner_chamber, uniq_jessica, uniq_terence
D:4:      layout_loops_ring, led_sif_pool
D:5:      layout_cave_pools, kennysheep_vampire_church,
          minmay_temple_entry_water_ring, serial_shops, nicolae_lakefront_shop,
          nicolae_square_shop, uniq_eustachio

Skill      XL: |  1  2  3  4  5  6  7 |
---------------+----------------------+-----
Unarmed Combat | 3 4 5 6 8 9 |  9.4
Fighting       | |  2.0
Throwing       | |  0.6
Armour         | |  0.7
Dodging        | |  1.5
Spellcasting   | |  2.0
Translocations | |  3.0

Action                   |  1- 3 |  4- 6 |  7- 9 || total
-------------------------+-------+-------+-------++-------
Melee: Unarmed           |   163 |   162 |    50 ||   375
       Tailslap          |     9 |    14 |     2 ||    25
       Punch             |     2 |    10 |     1 ||    13
 Abil: Rolling Charge    |       |     4 |     3 ||     7
Evoke: Wand              |       |     7 |       ||     7
  Use: Potion            |       |       |     5 ||     5
Armor: Leather armour    |    48 |    63 |    31 ||   142
Dodge: Dodged            |    58 |    69 |    42 ||   169
